 Dungeon Crawl Stone Soup version 0.21.1-1-g345015fe64 (webtiles) character file.

81 BrokenGlass the Ruffian (level 4, 0/31 HPs)
             Began as an Octopode Fighter on Feb 18, 2018.
             Killed by nerve-wracking pain
             ... invoked by an orc priest
              (3 damage)
             ... on level 3 of the Dungeon.
             The game lasted 00:01:36 (2120 turns).

BrokenGlass the Ruffian (Octopode Fighter)          Turns: 2120, Time: 00:01:36

Health: 0/31       AC:  1    Str: 19    XL:     4   Next: 42%
Magic:  4/4        EV: 14    Int: 10    God:
Gold:   97         SH:  0    Dex: 11    Spells: 3/3 levels left

rFire    . . .     SeeInvis .     - Unarmed
rCold    . . .     Gourm    .   (no shield)
rNeg     . . .     Faith    .   (helmet restricted)
rPois    .         Spirit   .   (no amulet)
rElec    .         Reflect  .   g - +3 ring of strength
rCorr    .         Harm     .   (no ring)
MR       .....                  (no ring)
Stlth    ++........             (no ring)
HPRegen  0.10/turn              (no ring)
MPRegen  0.09/turn              (no ring)
                                (no ring)
                                (no ring)

@: no status effects
A: almost no armour, stealthy swim, amphibious, 8 rings, constrict 8, camouflage
1, gelatinous body 1
a: no special abilities


You were on level 3 of the Dungeon.
You were hungry.

You visited 1 branch of the dungeon, and saw 3 of its levels.

You collected 97 gold pieces.

Inventory:

Armour
 a - a +0 shield
Jewellery
 g - a +3 ring of strength (left tentacle)
Scrolls
 d - 2 scrolls of fear {unknown}
 e - 4 scrolls of identify {unknown}
 i - 2 scrolls of enchant weapon {unknown}
 j - a scroll of amnesia {unknown}
 k - a scroll of noise {unknown}
 l - a scroll of enchant armour {unknown}
 n - a scroll of blinking {unknown}
 o - a scroll of immolation {unknown}
Potions
 b - a potion of might
 f - 2 potions of curing {unknown}
 h - a potion of lignification {unknown}
 m - a potion of brilliance {unknown}
Comestibles
 c - 6 rations


   Skills:
 - Level 3.0 Fighting
 - Level 3.0 Dodging
 - Level 3.0 Shields
 + Level 4.5 Unarmed Combat


You had 3 spell levels left.
You didn't know any spells.

Dungeon Overview and Level Annotations

Branches:
Dungeon (3/15)

Altars:


Innate Abilities, Weirdness & Mutations

You cannot wear most types of armour.
You are very stealthy in the water. (Stealth+)
You are amphibious.
You can wear up to eight rings at the same time.
You can use your tentacles to constrict eight enemies at once.
Your skin changes colour to match your surroundings (Stealth+).
Your rubbery body absorbs attacks. (AC +1, EV +1)


Message History

Unknown command.
You tentacle-slap the orc. Your grab misses the orc.
The orc is heavily wounded.
The orc closely misses you.
Unknown command.
You tentacle-slap the orc priest but do no damage.
Your grab misses the orc priest. You squeeze the orc priest.
The orc priest is lightly wounded.
The orc priest hits you with a flail!
* * * LOW HITPOINT WARNING * * *
The frilled lizard bites you.
* * * LOW HITPOINT WARNING * * *
An orc comes into view.
You tentacle-slap the orc priest. You grab the orc priest.
The orc priest is moderately wounded.
You constrict the orc priest, but do no damage.
The orc closely misses you.
The orc priest invokes the aid of Beogh against you.
Pain shoots through your body!
You die...

#.#.# ##... # #.#.#
.......
#.#.####.#....#
######.(.(...K....#
..........#.###.###
######÷...#.###.#
#.........<#
#.#..#.##..######.#
#..........@o......
###..#.##.#ol......
##..#.##.#######o#
##†#.#.##.#
#.###..##.#
######..#.#.##.#
#....†<.....##)#
..####.#.#####.#
.## #.#.#


You could see an orc priest, 2 orcs and a frilled lizard.

Vanquished Creatures
  4 adders
  2 dart slugs (D:1)
  2 orcs (D:3)
  9 bats
  4 giant cockroaches
  5 goblins
  6 hobgoblins
  2 frilled lizards
  2 kobolds
  5 rats
41 creatures vanquished.

Notes
Turn   | Place    | Note
-------+----------+-------------------------------------------
     0 | D:1      | BrokenGlass the Octopode Fighter began the quest for the Orb.
     0 | D:1      | Reached XP level 1. HP: 16/16 MP: 1/1
   371 | D:1      | Reached XP level 2. HP: 21/21 MP: 2/2
   522 | D:1      | Reached skill level 3 in Unarmed Combat
  1082 | D:1      | Reached XP level 3. HP: 26/26 MP: 3/3
  1424 | D:2      | Reached skill level 4 in Unarmed Combat
  1883 | D:3      | Reached XP level 4. HP: 17/31 MP: 4/4
  2120 | D:3      | Killed from afar by an orc priest

Skill      XL: |  1  2  3 |
---------------+----------+-----
Unarmed Combat | 3 4 |  4.5
Fighting       | |  3.0
Dodging        | |  3.0
Shields        | |  3.0

Action                   |  1- 3 |  4- 6 || total
-------------------------+-------+-------++-------
Melee: Unarmed           |    69 |    16 ||    85
       Constrict         |    16 |     6 ||    22
       Tentacles         |     8 |     6 ||    14
       Punch             |     2 |     2 ||     4
 Stab: Sleeping          |     7 |       ||     7
  Eat: Chunk             |     2 |     1 ||     3
Armor: Skin              |     4 |     8 ||    12
Dodge: Dodged            |    46 |    30 ||    76
